 Dungeon Crawl Stone Soup version 0.27-a0-988-g25969acef8 (webtiles) character file.

Game seed: 9080289075643857076

54 karrick the Magician (level 3, -3/25 HPs)
             Began as a Djinni Fire Elementalist on Apr 15, 2021.
             Slain by a gnoll
             ... wielding a +0 spear
              (9 damage)
             ... on level 3 of the Dungeon.
             The game lasted 00:03:05 (3181 turns).

karrick the Magician (Djinni Fire Elementalist)     Turns: 3181, Time: 00:03:06

Health: -3/25      AC:  2    Str:  8    XL:     3   Next: 91%
Gold:   94         EV:  6    Int: 16    God:
                   SH:  0    Dex: 13

rFire    + + .     SeeInvis .   c - +0 short sword
rCold    x . .     Faith    .   (no shield)
rNeg     . . .     Spirit   .   a - +0 robe
rPois    ∞         Reflect  .   (no helmet)
rElec    .         Harm     .   (no cloak)
rCorr    .         Rampage  .   (no gloves)
Will     .....                  (boots unavailable)
Stlth    ++........             (no amulet)
HPRegen  0.08/turn              (no ring)
MPRegen  0.00/turn              (no ring)

@: flying, held
A: fire resistance 2, cold vulnerability 1, float, innate caster, hp casting,
extra vitality 1
a: no special abilities


You were on level 3 of the Dungeon.
You visited 1 branch of the dungeon, and saw 3 of its levels.

You collected 94 gold pieces.

Inventory:

Hand Weapons
 c - a +0 short sword (weapon)
Armour
 a - a +0 robe (worn)
Scrolls
 d - a scroll of blinking {unknown}
 e - a scroll of noise {unknown}
 h - 3 scrolls of silence {unknown}
 i - a scroll of teleportation {unknown}
Potions
 f - 2 potions of attraction {unknown}
 g - a potion of haste {unknown}


   Skills:
 + Level 2.4 Dodging
 + Level 1.8 Stealth
 + Level 3.8 Spellcasting


You couldn't memorise any spells.
You knew the following spells:

 Your Spells              Type           Power      Damage    Failure   Level
a - Foxfire               Conj/Fire      60%        2x1d7     3%          1
b - Conjure Flame         Conj/Fire      15%        6-21      11%         3
c - Inner Flame           Hex/Fire       15%        N/A       11%         3
d - Sticky Flame          Conj/Fire      15%        2d4       34%         4
e - Fireball              Conj/Fire      7%         3d5       67%         5
f - Pain                  Necr           60%        1d7       3%          1
Your spell library was empty.

Dungeon Overview and Level Annotations

Branches:
Dungeon (3/15)

Altars:
Vehumet


Innate Abilities, Weirdness & Mutations

You are immune to poison.
Your flesh is very heat resistant. (rF++)
You are vulnerable to cold. (rC-)
You float through the air rather than walking.
You learn spells naturally, not from books.
Your magical power is your life essence.
You have superior vitality. (+4 HP)


Message History

Confirm with . or Enter, or press ? or * to list all spells.
There is not enough space to conjure foxfire!
Casting: Foxfire (safe; 3% risk of failure)
Confirm with . or Enter, or press ? or * to list all spells.
There is not enough space to conjure foxfire!
You hit the dart slug.
The dart slug is moderately wounded.
The foxfire hits the dart slug!
You kill the dart slug!
You see here a dart slug corpse.
i - a scroll labelled ZIPPEI WUEPP Done exploring.
Casting: Foxfire (safe; 3% risk of failure)
Confirm with . or Enter, or press ? or * to list all spells.
You don't know that spell.
Unknown command.
Done exploring.
Done exploring.
Done exploring.
You see here a dart slug corpse.
There is a stone staircase leading down here.
You fly downwards.
A frilled lizard, a bat, a goblin and 4 gnolls come into view.
The goblin shouts!
The gnoll shouts!
The frilled lizard hisses angrily.
The gnoll shouts!
Found four items.
There is a stone staircase leading up here.
You hear a shout!
The gnoll throws a throwing net.
The throwing net hits you.
You become entangled in the net!
You stop ascending the stairs.
The gnoll barely misses you.
The gnoll hits you from afar with a +0 halberd!
The frilled lizard bites you.
Unknown command.
As you read the scroll labelled XUJEKOOGYI, it crumbles to dust.
You speak a Word of immense power!
It was a scroll of holy word.
The gnoll hits you from afar with a +0 halberd!
* * * LOW HITPOINT WARNING * * *
The gnoll hits you with a +0 spear!
You die...

#############
...........
#.........#
#.....(...#
#...?g....###
+............
#...l...g....
+....@.b(.?..
#...g..g.....
#....g.......
#.........###
.............
......#########
...... ......


You could see 4 gnolls, a goblin, a bat and a frilled lizard.

Vanquished Creatures
  An adder (D:2)
  2 dart slugs
  3 endoplasms
  4 hobgoblins
  4 kobolds (D:1)
  3 quokkas
  6 ball pythons
  5 bats
  4 frilled lizards
  3 goblins
  5 rats
40 creatures vanquished.

Vanquished Creatures (others)
  151 foxfires
151 creatures vanquished.

Grand Total: 191 creatures vanquished

Notes
Turn   | Place    | Note
-------+----------+-------------------------------------------
     0 | D:1      | karrick the Djinni Fire Elementalist began the quest for
                  | the Orb.
     0 | D:1      | Reached XP level 1. HP: 15/15 MP: 0/0
   315 | D:1      | Reached skill level 3 in Spellcasting
   422 | D:1      | Reached XP level 2. HP: 19/21 MP: 0/0
  1525 | D:1      | Reached XP level 3. HP: 18/25 MP: 0/0
  1525 | D:1      | Learned a level 1 spell: Pain
  3181 | D:3      | Slain by a gnoll

Illustrated notes

Levels and vault maps discovered:
D:1:      amcnicky_arrival_wind_blow, layout_loops_corners,
          minmay_misc_feat_ornament, minmay_tetromino_t4
D:2:      wander_river, layout_loops_ring, basic_altar
D:3:      layout_basic

Skill      XL: |  1 |
---------------+----+-----
Spellcasting   | 3 |  3.8
Dodging        | |  2.4
Stealth        | |  1.8

Action                   || total
-------------------------++-------
Melee: Short sword       ||     3
 Cast: Foxfire           ||   110
       Pain              ||     7
  Use: Scroll            ||     1
Armor: Robe              ||     1
Dodge: Dodged            ||    12

Table legend: (Time is in decaauts)
 A = Elapsed time spent in this place.
 B = Non-inter-level travel time spent in this place.
 C = Inter-level travel time spent in this place.
 D = Time resting spent in this place.
 E = Time spent auto-exploring this place.
 F = Levels seen in this place.
 G = Mean time per level.
                   A        B        C        D        E       F      G
               +--------+--------+--------+--------+--------+-----+--------+
         Total |   3180 |   3169 |     11 |      0 |   2948 |   3 | 1060.0 |
       Dungeon |   3180 |   3169 |     11 |      0 |   2948 |   3 | 1060.0 |
               +--------+--------+--------+--------+--------+-----+--------+

Top non-repeatable levels by time:
     D:1: 1845 daAuts
     D:2: 1333 daAuts
     D:3: 1 daAuts
